AoeStats
← przemulek123

Migration

509954947Analyzed
1v1 RM · 2d ago on Sep 28, 2026· 50m 27s· 2 players
Game mode
Random Map
Map size
132×132
Population
200
Speed
Normal
Resources
Standard
Victory
Conquest
Starting age
Dark Age
Ending age
Imperial Age
RankedLock teamsTeams togetherTeam positionsShared explorationLock speedFull tech treeHidden civsTurbo modeCheats
Victory
Defeat
🇩🇪 Vikings · Germany
953
+17
🇵🇱 Bulgarians · Poland
980
-17
PfannerLove
1:02 Loom
10:01 Feudal Age
10:41 Town Watch
11:19 Double-Bit Axe
12:50 Fishing Lines
14:14 Horse Collar
20:31 Castle Age
20:12 Forging
19:54 Man-at-Arms
22:44 Bow Saw
22:34 Fletching
26:06 Bodkin Arrow
26:12 Scale Mail Armor
26:36 Gold Mining
27:06 Medium Warships
26:48 Gillnets
27:26 Arson
27:42 Squires
27:31 Long Swordsman
34:00 Imperial Age
32:10 Stone Mining
32:56 Gold Shaft Mining
35:01 Iron Casting
34:42 Chain Mail Armor
35:23 Conscription
36:47 Blast Furnace
38:56 Chemistry
38:17 Ballistics
37:37 Two-Handed Swordsman
42:10 Champion
49:36 Heavy Warships
48:32 Elite Longship
przemulek123
9:51 Loom
12:11 Feudal Age
13:50 Double-Bit Axe
14:34 Horse Collar
15:09 Gold Mining
15:49 Town Watch
18:12 Fletching
18:34 Forging
24:50 Castle Age
23:49 Scale Mail Armor
27:02 Gold Shaft Mining
26:17 Stone Mining
27:07 Iron Casting
26:28 Bodkin Arrow
27:06 Arson
27:21 Squires
34:29 Chain Mail Armor
42:27 Imperial Age
41:20 Scale Barding Armor
44:36 Bow Saw
Connection lost

Rejoining the realm…

Still unreachable

The connection could not be restored.

Session expired

The server has moved on; the page needs a fresh start.